 Dungeon Crawl Stone Soup version 0.29-a0-529-gfa20dd96a1 (webtiles) character file.

Game seed: 13204937847207381122

48 dolemite99 the Cudgeller (level 4, -2/38 HPs)
             Began as a Meteoran Fighter on June 2, 2022.
             Was an Initiate of Yredelemnul.
             Slain by a gnoll
             ... wielding a +0 spear
              (4 damage)
             ... on level 2 of the Dungeon.
             The game lasted 00:01:04 (657 turns).

dolemite99 the Cudgeller (Meteoran Fighter)          Turns: 657, Time: 00:01:04

Health: -2/38      AC:  6    Str: 19    XL:     4   Next: 18%
Magic:  5/5        EV:  9    Int:  9    God:    Yredelemnul [......]
Gold:   57         SH:  5    Dex: 14    Spells: 3/3 levels left

rFire   . . .      SeeInvis .   a - +0 flail
rCold   . . .      Faith    .   c - +0 buckler
rNeg    . . .      Spirit   .   b - +0 scale mail
rPois   .          Reflect  .   (no helmet)
rElec   .          Harm     .   (no cloak)
rCorr   .          Rampage  .   (no gloves)
Will    .....                   (no boots)
Stlth   ..........              (no amulet)
HPRegen 0.12/turn               (no ring)
MPRegen 0.09/turn               (no ring)

@: mighty, glowing
A: sense surroundings 1, otherworldly, glowing, explore regen
a: Renounce Religion, Recall Undead Harvest


You were on level 2 of the Dungeon.
You worshipped Yredelemnul.
Yredelemnul was noncommittal.
You visited 1 branch of the dungeon, and saw 2 of its levels.

You collected 57 gold pieces.

Inventory:

Hand Weapons
 a - a +0 flail (weapon)
Missiles
 h - 2 javelins (quivered)
Armour
 b - a +0 scale mail (worn)
 c - a +0 buckler (worn)
Jewellery
 g - a ring of magical power
Scrolls
 e - a scroll of blinking {unknown}
 f - a scroll of teleportation {unknown}
 i - a scroll of poison {unknown}
 j - a scroll of silence {unknown}
 k - a scroll of fear {unknown}


   Skills:
 - Level 3.2 Fighting
 + Level 5.3 Maces & Flails
 - Level 3.6 Armour
 - Level 3.6 Shields


You had 3 spell levels left.
You didn't know any spells.
Your spell library was empty.

Dungeon Overview and Level Annotations

Branches:
Dungeon (2/15)

Altars:
Yredelemnul


Innate Abilities, Weirdness & Mutations

You passively map a small area around you.
You are easily found by Zot.
You glow in the dark.
You regain HP and MP as you explore.


Message History

Anything else - Cancel.
Guard this area!
The gnoll barely misses you.
The gnoll closely misses your goblin zombie.
Your goblin zombie hits the gnoll but does no damage.
A gnoll comes into view. It is wielding a +0 halberd.
Found a scroll labelled CEHEONT ARUQ.
The gnoll shouts!
The gnoll hits you from afar with a +0 spear.
You swap places.
You block the gnoll's attack. x2
Your endoplasm zombie hits the gnoll.
You hit the gnoll but do no damage.
The gnoll is lightly wounded.
The gnoll hits you with a +0 spear. x2
Your endoplasm zombie barely misses the gnoll.
The gnoll hits you with a +0 spear. The gnoll hits you but does no damage.
You hit the gnoll.
The gnoll is heavily wounded.
Your endoplasm zombie barely misses the gnoll.
The gnoll hits you with a +0 spear. The gnoll barely misses you.
The gnoll hits your endoplasm zombie with a +0 spear!
Your endoplasm zombie is destroyed!
You sock the gnoll!
You kill the gnoll!
The gnoll hits you with a +0 spear.
* * * LOW HITPOINT WARNING * * *
The gnoll hits you from afar with a +0 halberd.
* * * LOW HITPOINT WARNING * * *
You have reached level 4!
You feel very mighty all of a sudden. You block the gnoll's attack.
The gnoll barely misses you.
Your goblin zombie hits the gnoll but does no damage.
The gnoll closely misses you. The gnoll hits you with a +0 halberd!
* * * LOW HITPOINT WARNING * * *
Your goblin zombie hits the gnoll but does no damage.
You see here a +0 spear.
You sock the gnoll!
The gnoll is almost dead.
The gnoll hits you with a +0 spear.
You die...
Your body rises from the dead as a mindless zombie.

, . #..##..#
#.#.... #. #..##..#
#.#..#. *
#..#..##..###.#..##
#..................
#.##.............##
#. #.##.#.#####..#*
, #.*#.##...# #....
######.##......#
*.# # ,
......g@.......# ,
######.gZ.>....#**
* * #####........ ,
.......#.#
..........#
##.........> *
##.....##.#
##...##* * * * .?##


You could see 2 gnolls and a friendly goblin zombie.

Vanquished Creatures
  A gnoll (D:2)
  An adder (D:2)
  A dart slug (D:1)
  A bat (D:1)
  3 endoplasms
  2 hobgoblins (D:1)
  4 kobolds (D:1)
  A quokka (D:1)
  A ball python (D:1)
  A frilled lizard (D:1)
  A goblin (D:2)
17 creatures vanquished.

Vanquished Creatures (collateral kills)
  A gnoll (D:1)
  A frilled lizard (D:1)
2 creatures vanquished.

Vanquished Creatures (others)
  An endoplasm zombie (D:2)
1 creature vanquished.

Grand Total: 20 creatures vanquished

Notes
Turn   | Place    | Note
-------+----------+-------------------------------------------
     0 | D:1      | dolemite99 the Meteoran Fighter began the quest for the
                  | Orb.
     0 | D:1      | Reached XP level 1. HP: 19/19 MP: 2/2
    37 | D:1      | Reached skill level 3 in Maces & Flails
    43 | D:1      | Reached XP level 2. HP: 25/26 MP: 3/3
   205 | D:1      | Found a faded altar of an unknown god.
   221 | D:1      | Prayed at the altar of an unknown god.
   221 | D:1      | Became a worshipper of Yredelemnul the Dark
   221 | D:1      | Reached * piety under Yredelemnul
   351 | D:1      | Reached skill level 4 in Maces & Flails
   351 | D:1      | Reached XP level 3. HP: 31/31 MP: 4/4
   498 | D:2      | Reached skill level 5 in Maces & Flails
   655 | D:2      | Reached XP level 4. HP: 9/38 MP: 5/5
   657 | D:2      | Slain by a gnoll

Illustrated notes

Levels and vault maps discovered:
D:1:      scummos_arrival_hexagon, layout_basic,
          shapermc_ecumenical_altar_starsandcircs, serial_park_tiny_2
D:2:      layout_loops_ring

Skill      XL: |  1  2  3 |
---------------+----------+-----
Maces & Flails | 3 4 5 |  5.3
Fighting       | |  3.2
Armour         | |  3.6
Shields        | |  3.6

Action                   |  1- 3 |  4- 6 || total
-------------------------+-------+-------++-------
Melee: Flail             |    46 |     1 ||    47
Throw: Javelin           |     2 |       ||     2
  Use: Potion            |       |     1 ||     1
Armor: Scale mail        |    20 |       ||    20
Dodge: Dodged            |    20 |     2 ||    22
Block: Buckler           |    20 |     1 ||    21

Table legend: (Time is in decaauts)
 A = Elapsed time spent in this place.
 B = Non-inter-level travel time spent in this place.
 C = Inter-level travel time spent in this place.
 D = Time resting spent in this place.
 E = Time spent auto-exploring this place.
 F = Levels seen in this place.
 G = Mean time per level.
                   A        B        C        D        E       F      G
               +--------+--------+--------+--------+--------+-----+--------+
         Total |    672 |    672 |      0 |      0 |    457 |   2 |  336.0 |
       Dungeon |    672 |    672 |      0 |      0 |    457 |   2 |  336.0 |
               +--------+--------+--------+--------+--------+-----+--------+

Top non-repeatable levels by time:
     D:1: 491 daAuts
     D:2: 181 daAuts
